 Dungeon Crawl Stone Soup version 0.28-a0-1387-g3a22ab9bdc (webtiles) character file.

Game seed: 11298596292257444325

91 HallandMoats the Skirmisher (level 4, 0/35 HPs)
             Began as a Demonspawn Fighter on Jan 3, 2022.
             Was an Initiate of Yredelemnul.
             Slain by a hound (1 damage)
             ... in the Ecumenical Temple.
             The game lasted 00:02:14 (806 turns).

HallandMoats the Skirmisher (Demonspawn Fighter)     Turns: 806, Time: 00:02:14

Health: 0/35       AC:  6    Str: 19    XL:     4   Next: 34%
Magic:  6/6        EV:  9    Int:  9    God:    Yredelemnul [......]
Gold:   26         SH:  4    Dex: 12    Spells: 3/3 levels left

rFire   . . .      SeeInvis .   a - +0 war axe
rCold   . . .      Faith    .   c - +0 buckler
rNeg    . . .      Spirit   .   b - +0 scale mail
rPois   .          Reflect  .   (helmet restricted)
rElec   .          Harm     .   (no cloak)
rCorr   .          Rampage  .   (no gloves)
Will    .....                   (no boots)
Stlth   ..........              (no amulet)
HPRegen 0.11/turn               (no ring)
MPRegen 0.10/turn               (no ring)

@: no status effects
A: antennae 1
a: Renounce Religion, Recall Undead Harvest


You were in the Ecumenical Temple.
You worshipped Yredelemnul.
Yredelemnul was noncommittal.
You visited 2 branches of the dungeon, and saw 5 of its levels.

You collected 26 gold pieces.

Inventory:

Hand Weapons
 a - a +0 war axe (weapon)
Armour
 b - a +0 scale mail (worn)
 c - a +0 buckler (worn)
Scrolls
 g - a scroll of amnesia {unknown}
Potions
 d - a potion of might
 e - 2 potions of degeneration {unknown}
 f - 2 potions of magic {unknown}


   Skills:
 + Level 3.3 Fighting
 + Level 2.2 Axes
 + Level 3.1 Armour
 + Level 1.0 Dodging
 + Level 3.0 Shields
 * Level 2.9 Invocations


You had 3 spell levels left.
You didn't know any spells.
Your spell library contained the following spells:

 Spells                   Type           Power      Damage    Failure   Level
 Apportation              Tloc           0%         N/A       80%         1
 Alistair's Intoxication  Tmut/Pois      0%         N/A       100%        5


Dungeon Overview and Level Annotations

Branches:
Dungeon (4/15)             Temple (1/1) D:4

Altars:
Trog
Xom
Yredelemnul


Innate Abilities, Weirdness & Mutations

You have a pair of small antennae on your head.


Message History

Unknown command.
You open the door. The hound bites you but does no damage.
The hound barely misses you. The hound bites you.
There is an open door here.
The hound bites you.
* * * LOW HITPOINT WARNING * * *
Found a long sword.
The hound barely misses you. The hound closely misses you.
Found a staircase to the Ecumenical Temple.
The hound bites you.
* * * LOW HITPOINT WARNING * * *
The hound barely misses you. The hound bites you.
* * * LOW HITPOINT WARNING * * *
The hound barely misses you. You block the hound's attack.
There is a staircase to the Ecumenical Temple here.
The hound bites you.
* * * LOW HITPOINT WARNING * * *
You climb downwards.
Welcome to the Ecumenical Temple!
Found a bloodstained altar of Trog.
There is a staircase back to the Dungeon here.
The hound barely misses you.
Found a shimmering altar of Xom.
The hound stops to sniff the ground.
The hound barely misses you.
There is a bloodstained altar of Trog here.
You barely miss the hound.
The hound is lightly wounded.
The hound bites you.
* * * LOW HITPOINT WARNING * * *
The hound bites you.
* * * LOW HITPOINT WARNING * * *
You hit the hound.
The hound is lightly wounded.
The hound barely misses you. The hound bites you.
You die...
Your body rises from the dead as a mindless zombie.

≈≈≈≈. . ....#
≈≈≈≈. . ....#
≈≈.. .##.._. .
≈≈ ..##..#.. ..
≈≈≈≈##....#.
##.#
≈≈≈≈...<.#.##..#
≈≈≈≈.....#.....#
≈≈≈≈....#h....#
≈≈≈≈≈...#.@...#
≈≈≈≈≈..#....##.#
≈≈≈≈...#..##..
≈≈≈≈....##. ..#
≈≈≈≈..## . ..#
≈≈≈## . ..# ..
.. ..#


You could see a hound.

Vanquished Creatures
  A water moccasin skeleton (D:4)
  2 adders
  2 dart slugs (D:1)
  A ball python (D:4)
  An endoplasm (D:1)
  A giant cockroach (D:1)
  2 goblins
  4 hobgoblins (D:1)
  2 kobolds
  A quokka (D:2)
  2 bats
19 creatures vanquished.

Vanquished Creatures (collateral kills)
  3 hobgoblins (D:1)
  A bat (D:1)
  A rat (D:2)
5 creatures vanquished.

Vanquished Creatures (others)
  A ball python zombie (D:4)
  A giant cockroach zombie (D:1)
  A kobold zombie (D:4)
  3 plants (D:2)
6 creatures vanquished.

Grand Total: 30 creatures vanquished

Notes
Turn   | Place    | Note
-------+----------+-------------------------------------------
     0 | D:1      | HallandMoats the Demonspawn Fighter began the quest for the
                  | Orb.
     0 | D:1      | Reached XP level 1. HP: 18/18 MP: 1/1
   169 | D:1      | Gained mutation: You have a pair of small antennae on your
                  | head. [demonic ancestry]
   169 | D:1      | Reached XP level 2. HP: 24/24 MP: 2/2
   234 | D:1      | Found a faded altar of an unknown god.
   239 | D:1      | Reached skill level 1 in Invocations
   249 | D:1      | Prayed at the altar of an unknown god.
   249 | D:1      | Became a worshipper of Yredelemnul the Dark
   249 | D:1      | Reached * piety under Yredelemnul
   474 | D:2      | Reached XP level 3. HP: 28/29 MP: 4/4
   785 | D:4      | Reached skill level 1 in Dodging
   785 | D:4      | Reached XP level 4. HP: 14/35 MP: 4/6
   792 | D:4      | Found a staircase to the Ecumenical Temple.
   801 | Temple   | Entered the Ecumenical Temple
   805 | Temple   | HP: 1/35 [hound (3)]
   806 | Temple   | Slain by a hound

Illustrated notes

Levels and vault maps discovered:
D:1:      dpeg_arrival_tiny_b, layout_basic, ebering_ecumenical_altar_webs
D:2:      kennysheep_the_goblin_king, layout_rooms, basic_altar,
          serial_bayou_pond_a
D:3:      layout_loops_ring
D:4:      layout_gridville, dancing_weapons_uskayaw, minmay_temple_entry_wispy,
          serial_shops, nicolae_shop_advertising_works
          [nicolae_subvault_shop_adworks]
Temple:   regret_index_temple_sigil_plot

Skill      XL: |  1  2  3 |
---------------+----------+-----
Invocations    | 1 2 |  2.9
Axes           | 2 |  2.2
Armour         | 3 |  3.1
Dodging        | 1 |  1.0
Shields        | 3 |  3.0
Fighting       | |  3.3

Action                   |  1- 3 |  4- 6 || total
-------------------------+-------+-------++-------
Melee: War axe           |    65 |     2 ||    67
Armor: Scale mail        |    73 |     1 ||    74
Dodge: Dodged            |    48 |     8 ||    56
Block: Buckler           |    22 |     1 ||    23

Table legend: (Time is in decaauts)
 A = Elapsed time spent in this place.
 B = Non-inter-level travel time spent in this place.
 C = Inter-level travel time spent in this place.
 D = Time resting spent in this place.
 E = Time spent auto-exploring this place.
 F = Levels seen in this place.
 G = Mean time per level.
                   A        B        C        D        E       F      G
               +--------+--------+--------+--------+--------+-----+--------+
         Total |    833 |    833 |      0 |      0 |    486 |   5 |  166.6 |
       Dungeon |    828 |    828 |      0 |      0 |    486 |   4 |  207.0 |
        Temple |      5 |      5 |      0 |      0 |      0 |   1 |    5.0 |
               +--------+--------+--------+--------+--------+-----+--------+

Top non-repeatable levels by time:
     D:1: 458 daAuts
     D:4: 191 daAuts
     D:3: 110 daAuts
     D:2: 67 daAuts
  Temple: 5 daAuts
